 Dungeon Crawl Stone Soup version 0.18-a0-455-gc7d4c65 (webtiles) character file.

86 M4edhros the Charlatan (level 4, -6/28 HPs)
             Began as an Octopode Artificer on Dec 1, 2015.
             Was an Initiate of Fedhas.
             Mangled by an iguana (13 damage)
             ... on level 4 of the Dungeon.
             The game lasted 00:03:04 (1586 turns).

M4edhros the Charlatan (Octopode Artificer)         Turns: 1586, Time: 00:03:05

Health: -6/28      AC:  1    Str: 10    XL:     4   Next: 50%
Magic:  7/7        EV: 12    Int: 15    God:    Fedhas [......]
Gold:   51         SH:  0    Dex: 12    Spells: 0 memorised, 3 levels left

rFire  . . .     SeeInvis .     a - +0 short sword
rCold  . . .     Clarity  .     (no shield)
rNeg   . . .     SustAt   .     (helmet restricted)
rPois  .         Gourm    .     (no amulet)
rElec  .         Spirit   .     (no ring)
rCorr  .         Dsmss    .     (no ring)
rMut   .         Stasis   .     (no ring)
MR     .....                    (no ring)
Stlth  ++++......               (no ring)
                                (no ring)
                                (no ring)
                                (no ring)

@: not resistant to hostile enchantments, stealthy
A: almost no armour, amphibious, 8 rings, constrict 8, camouflage 1, gelatinous
body 1, evolution 1
a: Renounce Religion


You were on level 4 of the Dungeon.
You worshipped Fedhas.
Fedhas was noncommittal.
You were not hungry.

You visited 2 branches of the dungeon, and saw 5 of its levels.

You collected 51 gold pieces.

Inventory:

Hand Weapons
 a - a +0 short sword (weapon)
Missiles
 f - 78 stones (quivered)
 o - 50 sling bullets
Wands
 b - a wand of flame (11)
 c - a wand of enslavement (11)
 d - a wand of random effects (15)
Scrolls
 g - a scroll of enchant weapon {unknown}
 h - 3 scrolls of identify {unknown}
 j - a scroll of remove curse {unknown}
 l - a scroll of fog {unknown}
 m - a scroll of random uselessness {unknown}
Potions
 i - a potion of magic
 p - a potion of brilliance {unknown}
Comestibles
 e - 2 bread rations
 n - 3 fruits


   Skills:
 - Level 1.0 Fighting
 - Level 1.0 Short Blades
 - Level 2.0 Dodging
 + Level 4.3 Stealth
 + Level 4.6 Evocations


You had 3 spell levels left.
You didn't know any spells.

Dungeon Overview and Level Annotations

Branches:
Dungeon (4/15)             Temple (1/1) D:4

Altars:
Cheibriados
Dithmenos
Elyvilon
Fedhas
Gozag
Kikubaaqudgha
Makhleb
Okawaru
Ru
Sif Muna
Vehumet
Xom
Yredelemnul
Zin
The Shining One

Annotations:
D:3 Robin
D:4 1 exclusion


Innate Abilities, Weirdness & Mutations

You cannot wear most types of armour.
You are amphibious.
You can wear up to eight rings at the same time.
You can use your tentacles to constrict eight enemies at once.
Your skin changes colour to match your surroundings (Stealth).
Your rubbery body absorbs attacks (AC +1).
You evolve.


Message History

Press: ? - help, Shift-Dir - straight line, f - quokka
Aim: a quokka (chance to defeat MR: 86%)
The iguana struggles to resist.
This wand has 13 charges left.
The iguana closely misses you.
Evoke which item? (* to show all) (? for menu, Esc to quit)
Zapping:
c - a wand of enslavement (13)
Press: ? - help, Shift-Dir - straight line, f/p - quokka
Aim: a quokka (chance to defeat MR: 86%)
The iguana struggles to resist.
This wand has 12 charges left.
The iguana bites you.
* * * LOW HITPOINT WARNING * * *
Evoke which item? (* to show all) (? for menu, Esc to quit)
Zapping:
c - a wand of enslavement (12)
Press: ? - help, Shift-Dir - straight line, f/p - quokka
Aim: a quokka (chance to defeat MR: 86%)
The iguana struggles to resist.
This wand has 11 charges left.
The iguana bites you!
You die...
Xom giggles madly!
Fedhas appreciates your contribution to the ecosystem.

##.#######.......#
#...............##
#######.......###
#.......#######
#.....[.......#
#.............#
#####..........
#..........
#.#@####.. #+#l#


lr. ....# .....# ......# .......# ####'#.## You could see 2 iguanas and a
quokka.

Vanquished Creatures
  A worker ant (D:4)
  An adder (D:4)
  2 oozes
  2 orcs
  3 bats
  7 goblins
  8 hobgoblins
  A jackal (D:2)
  A quokka (D:2)
  2 giant cockroaches (D:2)
  A giant newt (D:3)
  8 kobolds
  A quokka skeleton (D:4)
  6 rats
44 creatures vanquished.

Notes
Turn   | Place    | Note
--------------------------------------------------------------
     0 | D:1      | M4edhros the Octopode Artificer began the quest for the Orb.
     0 | D:1      | Reached XP level 1. HP: 13/13 MP: 3/3
   103 | D:1      | Reached XP level 2. HP: 15/18 MP: 4/4
   567 | D:2      | Reached skill level 4 in Evocations
   567 | D:2      | Reached XP level 3. HP: 16/23 MP: 4/6
   765 | D:3      | Noticed Robin
   811 | D:2      | Gained mutation: You evolve. [potion of beneficial mutation]
  1195 | D:4      | Found a shimmering altar of Xom.
  1199 | D:4      | Became a worshipper of Xom the Tricky
  1280 | D:4      | Noticed a phantom
  1317 | D:4      | XOM: harmless Conj miscast
  1333 | D:4      | Found a staircase to the Ecumenical Temple.
  1339 | Temple   | Entered the Ecumenical Temple
  1354 | Temple   | Fell from the grace of Xom
  1354 | Temple   | Became a worshipper of Fedhas Madash
  1387 | D:4      | Reached XP level 4. HP: 28/28 MP: 7/7
  1586 | D:4      | Mangled by an iguana

Vault maps used:
D:1:      lemuel_arrival_funnel, serial_glass, glass_columns_b, glass_columns_b
D:2:      kennysheep_big_flooded_room
D:3:      minivault_23, uniq_robin
D:4:      old_forge, minmay_temple_entry_trees, enter_ossuary_1,
          minmay_misc_feat_square, kennysheep_doodads, led_xom_imps
Temple:   lightli_temple_of_artemis

Action                   |  1- 3 |  4- 6 || total
-------------------------+-------+-------++-------
Melee: Short sword       |    91 |     3 ||    94
Evoke: Wand              |     1 |     7 ||     8
  Use: Potion            |     5 |       ||     5
 Stab: Sleeping          |    10 |       ||    10
  Eat: Chunk             |     1 |     1 ||     2
